AoeStats
← Dulcolaxi

Arabia

505084724Analyzed
1v1 RM · 26d ago on Sep 7, 2026· 41m 7s· 2 players
Game mode
Random Map
Map size
Tiny (2 player)
Population
200
Speed
Normal
Resources
Standard
Victory
Conquest
Starting age
Dark Age
Ending age
Imperial Age
RankedLock teamsTeams togetherTeam positionsShared explorationLock speedFull tech treeHidden civsTurbo modeCheats
Victory
Defeat
🇦🇷 Burgundians · Argentina
687
+15
🇺🇸 Romans · United States
674
-15
SWITCHBLADE VO
6:29 Loom
11:38 Feudal Age
12:18 Double-Bit Axe
13:25 Horse Collar
19:19 Man-at-Arms
22:22 Castle Age
25:08 Long Swordsman
29:41 Heavy Plow
31:28 Pikeman
32:10 Squires
33:11 Bow Saw
39:52 Imperial Age
Dulcolaxi
9:41 Wheelbarrow
12:44 Feudal Age
14:42 Horse Collar
14:52 Double-Bit Axe
18:27 Bow Saw
18:20 Heavy Plow
26:57 Castle Age
24:53 Arson
25:26 Forging
25:17 Scale Mail Armor
27:53 Hand Cart
28:31 Crop Rotation
29:05 Two-Man Saw
28:22 Squires
28:45 Cavalier
36:31 Imperial Age
35:23 Ballistics
37:05 Husbandry
39:24 Chemistry
40:16 Burgundian Vineyards
42:03 Conscription
Connection lost

Rejoining the realm…

Still unreachable

The connection could not be restored.

Session expired

The server has moved on; the page needs a fresh start.